 Dungeon Crawl Stone Soup version 0.26-a0-1129-gc5df7fbe6a (webtiles) character file.

Game seed: 17951134710110899017

406756 robertstho the Slingshot (level 24, 0/182 HPs)
             Began as a Halfling Hunter on Dec 18, 2020.
             Was the Champion of Okawaru.
             Slain by a war gargoyle
             ... wielding a +0 vorpal flail
              (8 damage)
             ... on level 5 of the Vaults.
             The game lasted 02:17:19 (64711 turns).

robertstho the Slingshot (Halfling Hunter)         Turns: 64711, Time: 02:17:19

Health: 0/182      AC: 25    Str: 16    XL:     24   Next: 54%
Magic:  42/42      EV: 21    Int:  4    God:    Okawaru [******]
Gold:   2060       SH: 14    Dex: 17    Spells: 23/23 levels left

rFire    + + +     SeeInvis +   p - +10 fustibalus of the Goat {venom, rPois Str-3 SInv Stlth+}
rCold    . . .     Faith    .   C - +1 buckler of Usoheleg {-Cast rPois Will+ Stlth+}
rNeg     . . .     Spirit   .   g - +4 ring mail of Vuepnys {MP+9}
rPois    +         Reflect  +   b - +0 helmet of the Devil {rF+++ Int-5 Dex-3 SInv}
rElec    +         Harm     .   V - scarf {repulsion}
rCorr    .         Rampage  .   f - +2 pair of gloves {archery}
Will     ++...     NoCast   +   W - +2 pair of boots {run}
Stlth    +++++++...             y - amulet of reflection
HPRegen  0.40/turn              T - ring "Kaseten" {+Fly rElec Slay+3}
MPRegen  0.28/turn              K - +4 ring of protection

@: constricted, studying Stealth, repel missiles, quick
A: small, mutation resistance 1
}: 2/15 runes: barnacled, gossamer
a: Renounce Religion, Evoke Flight, Heroism, Finesse


You were on level 5 of the Vaults.
You worshipped Okawaru.
Okawaru was exalted by your worship.
You visited 8 branches of the dungeon, and saw 40 of its levels.
You visited 1 bazaar.
You also visited: Gauntlet.

You collected 6378 gold pieces.
You spent 4318 gold pieces at shops.

Inventory:

Hand Weapons
 p - the +10 fustibalus of the Goat (weapon) {venom, rPois Str-3 SInv Stlth+}
   (You bought it in a shop on level 2 of the Orcish Mines)

   It poisons the ammo it fires.
   It affects your strength (-3).
   It protects you from poison.
   It lets you see invisible.
   It makes you more stealthy.
 P - the +6 quick blade of the Ageless People {freeze, rElec MP+9 Str-3 Dex+8}
   (Okawaru gifted it to you on level 6 of the Lair of Beasts)

   It has been specially enchanted to freeze those struck by it, causing extra
   injury to most foes and up to half again as much damage against particularly
   susceptible opponents.
   It can also slow down cold-blooded creatures.
   It affects your strength (-3).
   It affects your dexterity (+8).
   It insulates you from electricity.
   It affects your magic capacity (+9).
 Q - a +3 long sword of holy wrath
Missiles
 i - 1036 stones
 r - 183 sling bullets (quivered ammo)
Armour
 b - the +0 helmet of the Devil (worn) {rF+++ Int-5 Dex-3 SInv}
   (You found it on level 2 of the Elven Halls)

   It affects your intelligence (-5).
   It affects your dexterity (-3).
   It renders you almost immune to fire.
   It lets you see invisible.
 d - the +1 helmet "Leugas" {rCorr Dex+7}
   (Okawaru gifted it to you on level 14 of the Dungeon)

   It affects your dexterity (+7).
   It provides partial protection from all sources of acid and corrosion.
 f - a +2 pair of gloves of archery (worn)
 g - the +4 ring mail of Vuepnys (worn) {MP+9}
   (Okawaru gifted it to you on level 4 of the Vaults)

   It affects your magic capacity (+9).
 h - a scarf of invisibility
 C - the +1 buckler of Usoheleg (worn) {-Cast rPois Will+ Stlth+}
   (Okawaru gifted it to you on level 2 of the Lair of Beasts)

   It protects you from poison.
   It affects your willpower, your defense against some magical effects.
   It prevents spellcasting.
   It makes you more stealthy.
 D - a scarf of resistance
 V - a scarf of repulsion (worn)
 W - a +2 pair of boots of running (worn)
Jewellery
 o - the ring of Poecas {rElec Will+ MP-9 EV+4 Stlth+}
   (You took it off a deep elf annihilator on level 3 of the Elven Halls)

   [ring of evasion]

   It affects your evasion (+4).
   It insulates you from electricity.
   It affects your willpower, your defense against some magical effects.
   It affects your magic capacity (-9).
   It makes you more stealthy.
 s - an uncursed amulet of the acrobat
 y - an amulet of reflection (around neck)
 E - an uncursed ring of protection from cold
 I - an uncursed ring of protection from cold
 K - a +4 ring of protection (right hand)
 T - the ring "Kaseten" (left hand) {+Fly rElec Slay+3}
   (You took it off a deep elf high priest on level 3 of the Elven Halls)

   [ring of flight]

   It affects your accuracy and damage with ranged weapons and melee attacks
   (+3).
   It insulates you from electricity.
   It lets you fly.
Wands
 u - a wand of acid (28)
 A - a wand of iceblast (3)
 H - a wand of digging (15)
 L - a wand of disintegration (8)
Scrolls
 j - 3 scrolls of immolation
 k - 2 scrolls of silence
 m - 10 scrolls of enchant weapon
 n - 3 scrolls of summoning
 q - 17 scrolls of remove curse
 t - 5 scrolls of fog
 v - 6 scrolls of enchant armour
 z - 8 scrolls of teleportation
 J - 2 scrolls of fear
 O - 14 scrolls of identify
 S - 6 scrolls of magic mapping
 X - 2 scrolls of holy word
Potions
 e - 2 potions of curing
 l - a potion of resistance
 x - 15 potions of ambrosia
 B - 2 potions of mutation
 F - 7 potions of might
 G - 3 potions of cancellation
 M - 2 potions of haste
 N - 3 potions of berserk rage
 R - 5 potions of magic
 Z - a potion of invisibility
Books
 a - a manual of Stealth
Miscellaneous
 U - a box of beasts


   Skills:
 * Level 19.8 Fighting
 + Level 2.9(3.4) Short Blades
 + Level 2.1(2.6) Long Blades
 + Level 24.6 Slings
 * Level 14.4 Armour
 * Level 14.6 Dodging
 * Level 12.7 Stealth
 + Level 9.0 Shields
 * Level 14.2 Invocations
 * Level 12.9 Evocations


You had 23 spell levels left.
You didn't know any spells.
Your spell library contained the following spells:

 Spells                   Type           Power        Failure   Level
 Animate Skeleton         Necr           0%           65%         1
 Beastly Appendage        Tmut           0%           65%         1
 Corona                   Hex            0%           65%         1
 Magic Dart               Conj           0%           65%         1
 Sting                    Tmut/Pois      0%           65%         1
 Blink                    Tloc           N/A          80%         2
 Call Imp                 Summ           0%           80%         2
 Corpse Rot               Necr/Air       N/A          80%         2
 Ensorcelled Hibernation  Hex/Ice        0%           80%         2
 Poisonous Vapours        Pois/Air       0%           80%         2
 Searing Ray              Conj           0%           80%         2
 Slow                     Hex            0%           80%         2
 Sublimation of Blood     Necr           0%           80%         2
 Wereblood                Tmut           0%           80%         2
 Call Canine Familiar     Summ           0%           95%         3
 Confusing Touch          Hex            0%           95%         3
 Conjure Flame            Conj/Fire      0%           95%         3
 Dazzling Flash           Conj/Hex       0%           95%         3
 Ignite Poison            Fire/Tmut/Pois 0%           95%         3
 Inner Flame              Hex/Fire       0%           95%         3
 Mephitic Cloud           Conj/Pois/Air  0%           95%         3
 Spider Form              Tmut/Pois      0%           95%         3
 Static Discharge         Conj/Air       0%           95%         3
 Stone Arrow              Conj/Erth      0%           95%         3
 Tukima's Dance           Hex            0%           95%         3
 Vampiric Draining        Necr           0%           95%         3
 Dispel Undead            Necr           0%           100%        4
 Fulminant Prism          Conj/Hex       0%           100%        4
 Ice Form                 Ice/Tmut       0%           100%        4
 Iskenderun's Mystic Bla  Conj/Tloc      0%           100%        4
 Leda's Liquefaction      Hex/Erth       0%           100%        4
 Olgreb's Toxic Radiance  Pois           0%           100%        4
 Petrify                  Tmut/Erth      0%           100%        4
 Summon Lightning Spire   Summ/Air       0%           100%        4
 Agony                    Necr           0%           100%        5
 Alistair's Intoxication  Tmut/Pois      0%           100%        5
 Blade Hands              Tmut           0%           100%        5
 Bolt of Magma            Conj/Fire/Erth 0%           100%        5
 Excruciating Wounds      Necr           0%           100%        5
 Irradiate                Conj/Tmut      0%           100%        5
 Lightning Bolt           Conj/Air       0%           100%        5
 Metabolic Englaciation   Hex/Ice        0%           100%        5
 Silence                  Hex/Air        0%           100%        5
 Summon Forest            Summ/Tloc      0%           100%        5
 Conjure Ball Lightning   Conj/Air       0%           100%        6
 Death Channel            Necr           0%           100%        6
 Eringya's Noxious Bog    Tmut/Pois      0%           100%        6
 Freezing Cloud           Conj/Ice/Air   0%           100%        6
 Hydra Form               Tmut           0%           100%        6
 Iron Shot                Conj/Erth      0%           100%        6
 Ozocubu's Refrigeration  Ice            0%           100%        6
 Simulacrum               Ice/Necr       0%           100%        6
 Statue Form              Tmut/Erth      0%           100%        6
 Dragon Form              Tmut           0%           100%        7
 Summon Hydra             Summ           0%           100%        7
 Ignition                 Fire           0%           100%        8
 Shatter                  Erth           0%           100%        9
 Tornado                  Air            0%           100%        9


Dungeon Overview and Level Annotations

Branches:
Dungeon (15/15)            Temple (1/1) D:6            Lair (6/6) D:8
 Shoals (4/4) Lair:3       Spider (4/4) Lair:4        Slime (0/5) Lair:5
    Orc (2/2) D:12            Elf (3/3) Orc:2        Vaults (5/5) D:14
  Crypt (0/3) Vaults:2     Depths (0/5) D:15        Gauntlet (visited)

Altars:
Ashenzari
Elyvilon
Fedhas
Gozag
Makhleb
Nemelex Xobeh
Okawaru
Qazlal
Ru
Sif Muna
Vehumet
Xom
The Shining One
Beogh
Jiyva

Shops:
D:9 :   D:14 :   Orc:1 !   Orc:2 (?([   Elf:2 *   Shoals:1 *   Shoals:2 =
Shoals:3 *   Vaults:3 =

Annotations:
D:13 3 runed translucent doors
Lair:1 3 runed translucent doors, sahdkjhfkaj's ghost, journeyman GrIE
Orc:2 2 transporters, dickylongcocking's ghost, journeyman FeVM


Innate Abilities, Weirdness & Mutations

You are small and have problems with some larger weapons.
You are somewhat resistant to further mutation.


Message History

The deep elf demonologist casts a spell at you.
You resist with almost no effort.
A deep elf archer comes into view. It is wielding a +4 short sword.
The vault sentinel is engulfed in blazing flames.
Flame seeps out of the vault sentinel.
You block the vault sentinel's attack. The Tzitzimitl completely misses you.
The Tzitzimitl bites you but does no damage.
The deep elf high priest is engulfed in blazing flames.
Flame seeps out of the deep elf high priest.
The fire giant is empowered by the deep elf high priest's aura!
The neqoxec gestures.
The ghostly deep elf demonologist gestures wildly while chanting.
The anaconda is engulfed in blazing flames.
Flame seeps out of the anaconda.
You block the anaconda's attack.
The deep elf death mage is engulfed in blazing flames.
Flame seeps out of the deep elf death mage.
The deep elf death mage beckons forth a restless soul!
The war gargoyle hits you with a +0 vorpal flail!!
* * * LOW HITPOINT WARNING * * *
You die...

e#.##....#####
...#....#.e..
..°.....ce.
####.§.....C###
....e.*[[C°....
..e..((p1e2....
.....*9eX2.....
(....[S@pe5....
####.(12e35.###
#....55355.#
....C#...(##.#
##..##5.5.# .#
##. #....# . #
#....# #....#


You could see a tentacled monstrosity (inner flame, very poisoned), a titan
(empowered), a Tzitzimitl (summoned), a fire giant (empowered), a stone giant, a
green death (summoned), 2 deep elf death magi, an Executioner (summoned), an
anaconda shaped shifter (inner flame), a deep elf demonologist (inner flame,
empowered), a ghostly deep elf demonologist (empowered), a war gargoyle, a vault
sentinel (inner flame, empowered, catching breath), a faun shaped shifter
(empowered), 2 deep elf archers, 2 deep elf high priests, an ironbrand convoker
(inner flame, empowered), a deep elf mage (empowered), 2 tormentors, a neqoxec
(summoned), a ynoxinul (summoned), 2 lost souls, a quasit (summoned), a white
imp (summoned) and 6 ufetubi.

Vanquished Creatures
  Bai Suzhen (Spider:3)
  A bone dragon (Vaults:2)
  A lich (Vaults:1)
  The ghost of Ebiffi the Fencer, a veteran VSAK of Lugonu (Elf:1)
  A deep elf master archer (Elf:3)
  Asterion (Spider:4)
  2 deep elf blademasters (Elf:3)
  The ghost of Dazliare the Martial Artist, an adept GnTm of Ashenzari (Elf:2)
  Polyphemus (Shoals:2)
  A sphinx (Vaults:4)
  Gastronok (D:9)
  A tengu reaver (Vaults:1)
  Roxanne (Shoals:1)
  6 deep elf sorcerers
  13 vault wardens
  4 ghost moths
  4 emperor scorpions
  A ghoul (Vaults:4)
  A frost giant (Vaults:4)
  5 deep elf elementalists
  15 ironheart preservers
  7 stone giants
  The ghost of Qeimiotua the Blocker, a journeyman MiFi of Okawaru (Lair:5)
  4 deep elf demonologists (Elf:3)
  8 deep elf annihilators
  A minotaur (Gauntlet)
  Azrael (Elf:2)
  A minotaur (shapeshifter) (Vaults:1)
  4 entropy weavers
  7 merfolk javelineers
  4 spark wasps
  A death ooze (Gauntlet)
  A dire elephant (Lair:6)
  6 deep elf death magi
  2 ettins
  A great orb of eyes (Vaults:1)
  6 yaktaur captains
  4 merfolk impalers (Shoals:4)
  2 fire dragons
  An ice dragon (Vaults:3)
  6 deep elf high priests (Elf:3)
  10 boulder beetles
  29 vault guards
  4 rakshasas
  Harold (Lair:2)
  3 catoblepae
  6 hydras
  8 centaur warriors
  Erica (D:8)
  4 merfolk aquamancers
  6 death knights
  3 alligator snapping turtles
  2 death yaks (Shoals:2)
  3 merfolk avatars
  2 deep troll shamans (Vaults:3)
  33 two-headed ogres
  2 satyrs (Shoals:3)
  26 dancing weapons
  A queen ant (Lair:6)
  13 ogre magi
  3 deep troll earth magi (Vaults:4)
  Urug (Lair:2)
  2 tengu warriors
  2 storm dragon zombies (Vaults:3)
  4 orc high priests
  A fire crab (shapeshifter) (Vaults:4)
  2 shadow wraiths
  25 deep elf knights
  16 skeletal warriors
  A storm dragon skeleton (Vaults:4)
  2 large abominations (Elf:1)
  A hell knight (Vaults:4)
  5 sea snakes
  2 flayed ghosts
  6 unseen horrors
  19 deep elf archers
  6 deep trolls
  4 phantasmal warriors
  2 swamp dragons (shapeshifter) (Vaults:4)
  16 ironbrand convokers
  4 wizards
  An orange crystal statue (Vaults:1)
  2 lindwurms (Lair:6)
  11 orc knights
  30 harpies
  69 deep elf magi
  7 necromancers
  A frost giant zombie (Vaults:3)
  19 orb spiders
  29 ugly things
  15 fauns
  6 cyclopes
  2 human zombies
  4 oklob plants (Lair:5)
  4 orc sorcerers (Orc:2)
  17 manticores
  A shadow dragon skeleton (Vaults:4)
  A stone giant zombie (Vaults:3)
  A black mamba (shapeshifter) (D:15)
  4 moths of wrath
  36 wolf spiders
  7 water nymphs
  3 human skeletons
  3 centaur zombies
  12 vault sentinels
  3 black mambas
  9 merfolk sirens
  A stone giant skeleton (Vaults:3)
  Maurice (D:9)
  A frost giant skeleton (D:15)
  5 centaur skeletons
  A torpor snail (shapeshifter) (Vaults:4)
  4 gargoyles
  13 cane toads
  18 elephants
  A torpor snail (Lair:6)
  2 kobold demonologists
  39 yaktaurs
  An efreet (D:14)
  A yaktaur zombie (Vaults:4)
  4 rime drakes
  9 komodo dragons
  9 freezing wraiths
  16 demonic crawlers
  6 trolls
  A harpy zombie (D:15)
  34 merfolk
  A queen bee (Lair:3)
  A tengu conjurer (D:12)
  A jumping spider (shapeshifter) (Elf:2)
  40 jumping spiders
  A tengu simulacrum (Vaults:1)
  A troll (shapeshifter) (Vaults:2)
  6 wind drakes
  6 polar bears
  9 hornets
  26 slime creatures
  An ice dragon zombie (D:15)
  6 blink frogs
  3 blink frogs (shapeshifter)
  A fire giant simulacrum (Vaults:4)
  8 dream sheep
  8 snapping turtles
  2 air elementals
  51 redbacks
  An ettin skeleton (D:15)
  A stone giant simulacrum (Vaults:3)
  3 wraiths
  33 yaks
  15 tarantellas
  7 wyverns
  14 water elementals
  6 basilisks
  4 fire elementals
  A human (shapeshifter) (Elf:1)
  8 humans (D:14)
  A steam dragon (D:8)
  A warg (shapeshifter) (Elf:1)
  A tengu zombie (D:15)
  A soldier ant (shapeshifter) (Elf:1)
  5 soldier ants (Lair:6)
  8 wargs
  20 water moccasins
  A floating eye (shapeshifter) (Elf:1)
  3 hell hounds (Elf:2)
  Duvessa (D:6)
  2 acid dragons (Vaults:2)
  4 sky beasts
  47 orc warriors
  8 black bears
  2 ice beasts
  25 ogres
  7 phantoms
  An eye of draining (D:14)
  A necrophage (D:7)
  A boggart (shapeshifter) (D:14)
  10 wolves
  14 centaurs
  A centaur (shapeshifter) (Elf:1)
  13 big kobolds
  19 bullfrogs
  A gnoll sergeant (D:6)
  2 earth elementals (Elf:1)
  3 elf zombies (Elf:1)
  An ogre simulacrum (Vaults:1)
  A wyvern skeleton (D:12)
  Dowan (D:6)
  4 scorpions
  32 killer bees
  7 wights
  3 howler monkeys
  6 electric eels
  2 bullfrog zombies
  29 orc priests
  A human simulacrum (Vaults:4)
  2 jellies
  4 gnoll shamans (D:6)
  6 hounds
  21 orc wizards
  3 bullfrog skeletons
  5 iguanas
  16 worker ants
  3 hound skeletons
  A mummy (D:6)
  A worker ant zombie (D:4)
  37 gnolls
  A howler monkey skeleton (D:5)
  6 adders
  2 shadow imps
  7 white imps
  An ooze (D:6)
  An adder zombie (D:8)
  2 adder skeletons
  2 worms
  A dart slug (D:1)
  4 leopard geckos
  93 orcs
  A ball python (D:2)
  6 giant cockroaches
  5 goblins
  5 hobgoblins
  21 jackals
  16 kobolds
  2 quokkas
  5 bats
  3 frilled lizards
  A jackal skeleton (D:8)
  A quokka skeleton (D:5)
  A quokka zombie (D:9)
  7 rats
1724 creatures vanquished.

Vanquished Creatures (others)
  An ironheart preserver (Vaults:5)
  A rakshasa (Vaults:1)
  A centaur warrior (D:14)
  A harpy (Shoals:4)
  A manticore (Shoals:4)
  2 deep elf magi
  A fire elemental (Elf:2)
  A human (D:14)
  A large abomination (Elf:1)
  An ogre (Vaults:4)
  A big kobold (shapeshifter) (Elf:1)
  An orc wizard (Orc:2)
  2 bushes
  84 fungi
  110 plants
  11 withered plants (D:15)
220 creatures vanquished.

Grand Total: 1944 creatures vanquished

Notes
Turn   | Place    | Note
-------+----------+-------------------------------------------
     0 | D:1      | robertstho the Halfling Hunter began the quest for the Orb.
     0 | D:1      | Reached XP level 1. HP: 14/14 MP: 1/1
   141 | D:1      | Reached skill level 6 in Slings
   464 | D:1      | Reached XP level 2. HP: 17/19 MP: 2/2
  1036 | D:2      | Reached XP level 3. HP: 20/24 MP: 3/3
  1128 | D:2      | Reached skill level 7 in Slings
  1192 | D:2      | Found a glowing golden altar of the Shining One.
  1297 | D:2      | Found a sparkling altar of Nemelex Xobeh.
  1484 | D:2      | Reached XP level 4. HP: 29/29 MP: 4/4
  1723 | D:3      | Reached skill level 1 in Armour
  1740 | D:3      | Reached XP level 5. HP: 18/34 MP: 5/5
  1747 | D:3      | Reached skill level 8 in Slings
  2592 | D:4      | Reached XP level 6. HP: 5/41 MP: 6/6
  2592 | D:4      | HP: 3/61 [iguana (2)]
  2594 | D:4      | HP: 1/61 [iguana (3)]
  3359 | D:4      | Reached skill level 9 in Slings
  3359 | D:4      | Reached XP level 7. HP: 46/46 MP: 7/7
  3594 | D:5      | Entered Level 5 of the Dungeon
  3626 | D:5      | Found a sparkling altar of Nemelex Xobeh.
  4296 | D:5      | Reached skill level 10 in Slings
  4478 | D:5      | Reached XP level 8. HP: 45/52 MP: 8/8
  4982 | D:6      | Reached skill level 11 in Slings
  5277 | D:6      | Found a sparkling altar of Nemelex Xobeh.
  5277 | D:6      | Found an opulent altar of Gozag.
  5419 | D:6      | Found a staircase to the Ecumenical Temple.
  5427 | Temple   | Entered the Ecumenical Temple
  5458 | Temple   | Became a worshipper of Warmaster Okawaru
  5495 | D:6      | Noticed a kobold demonologist
  5512 | D:6      | Killed a kobold demonologist
  5513 | D:6      | Reached skill level 1 in Short Blades
  5513 | D:6      | Reached skill level 12 in Slings
  5513 | D:6      | Reached skill level 1 in Invocations
  5513 | D:6      | Reached skill level 1 in Evocations
  5513 | D:6      | Reached XP level 9. HP: 54/59 MP: 9/9
  5611 | D:6      | Noticed Dowan
  5612 | D:6      | Noticed Duvessa
  5629 | D:6      | Killed Dowan
  5867 | D:6      | Killed Duvessa
  5867 | D:6      | Reached * piety under Okawaru
  5957 | D:6      | Reached skill level 5 in Fighting
  7994 | D:7      | Reached skill level 13 in Slings
  8039 | D:7      | Reached ** piety under Okawaru
  8040 | D:7      | Reached XP level 10. HP: 61/69 MP: 11/11
  8289 | D:7      | Found a shimmering blue altar of Sif Muna.
  8295 | D:7      | Found a burning altar of Makhleb.
  8360 | D:8      | Noticed a kobold demonologist
  8390 | D:8      | Killed a kobold demonologist
  8427 | D:8      | Reached skill level 5 in Armour
  8618 | D:8      | Reached *** piety under Okawaru
  8838 | D:8      | Found a staircase to the Lair.
  8891 | D:8      | Reached skill level 14 in Slings
  8931 | D:8      | Reached skill level 5 in Dodging
  8971 | D:8      | Reached **** piety under Okawaru
  9343 | D:8      | Reached XP level 11. HP: 77/77 MP: 13/13
  9453 | D:8      | Noticed Erica
  9494 | D:8      | Killed Erica
  9800 | D:8      | Received a gift from Okawaru
 10114 | D:8      | Found a sacrificial altar of Ru.
 10426 | D:9      | Found Ifrit's Book Shoppe.
 10426 | D:9      | Noticed Maurice
 10503 | D:9      | Noticed Gastronok
 10538 | D:9      | Killed Gastronok
 10538 | D:9      | Reached ***** piety under Okawaru
 10698 | D:9      | Reached skill level 15 in Slings
 11090 | D:9      | Killed Maurice
 11392 | D:10     | Entered Level 10 of the Dungeon
 11392 | D:10     | Noticed an unseen horror
 11402 | D:10     | Killed an unseen horror
 11830 | D:10     | Received a gift from Okawaru
 11903 | D:10     | Found a blossoming altar of Fedhas.
 12107 | D:10     | Reached XP level 12. HP: 8/84 MP: 12/15
 12561 | D:10     | Identified a scroll of acquirement
 12586 | D:10     | Acquired a +0 pair of gloves of archery
 12648 | Lair:1   | Entered Level 1 of the Lair of Beasts
 12673 | Lair:1   | Received a gift from Okawaru
 12782 | Lair:1   | Reached skill level 5 in Evocations
 12930 | Lair:1   | Found a runed translucent gate.
 12931 | Lair:1   | Found a runed translucent gate.
 12967 | Lair:1   | Found a runed translucent gate.
 12968 | Lair:1   | Noticed sahdkjhfkaj's ghost (journeyman GrIE)
 12985 | Lair:1   | Found a viscous altar of Jiyva.
 13042 | Lair:1   | Reached skill level 5 in Invocations
 13080 | Lair:1   | Received a gift from Okawaru
 13214 | Lair:1   | Reached skill level 16 in Slings
 13833 | Lair:2   | Noticed Harold
 13844 | Lair:2   | Killed Harold
 14238 | Lair:2   | Paralysed by a hornet for 3 turns
 14804 | Lair:2   | Received a gift from Okawaru
 14808 | Lair:2   | Reached skill level 10 in Fighting
 14808 | Lair:2   | Got a dazzling buckler {god gift}
 14814 | Lair:2   | Identified the +1 buckler of Usoheleg {-Cast rPois Will+
                  | Stlth+} (Okawaru gifted it to you on level 2 of the Lair of
                  | Beasts)
 15185 | Lair:2   | Noticed a six-headed hydra
 15194 | Lair:2   | Killed a six-headed hydra
 15195 | Lair:2   | Reached XP level 13. HP: 61/93 MP: 17/17
 15592 | Lair:2   | Noticed Urug
 15605 | Lair:2   | Killed Urug
 15712 | Lair:2   | Reached skill level 17 in Slings
 16516 | Lair:3   | Noticed an eight-headed hydra
 16524 | Lair:3   | Killed an eight-headed hydra
 16661 | Lair:3   | Noticed a boulder beetle
 16926 | Lair:3   | Noticed a five-headed hydra
 16932 | Lair:3   | Killed a five-headed hydra
 16955 | Lair:3   | Found a broken altar of Ashenzari.
 17136 | Lair:3   | Found a staircase to the Shoals.
 18008 | Lair:4   | Received a gift from Okawaru
 18141 | Lair:4   | Received a gift from Okawaru
 18353 | Lair:4   | Noticed a six-headed hydra
 18365 | Lair:4   | Killed a six-headed hydra
 18404 | Lair:4   | Reached ****** piety under Okawaru
 18568 | Lair:4   | Found a hole to the Spider Nest.
 18953 | Lair:5   | You fall into a shaft and drop 1 floor!
 18953 | Lair:6   | Entered Level 6 of the Lair of Beasts
 18957 | Lair:6   | Reached skill level 18 in Slings
 19054 | Lair:6   | Received a gift from Okawaru
 19288 | Lair:6   | Noticed a catoblepas
 19312 | Lair:6   | Received a gift from Okawaru
 19313 | Lair:6   | Reached XP level 14. HP: 71/101 MP: 13/19
 19666 | Lair:6   | Reached skill level 1 in Shields
 19672 | Lair:6   | Noticed a dire elephant
 19687 | Lair:6   | HP: 5/101 [manticore/volley of spikes (11)]
 19690 | Lair:6   | Received a gift from Okawaru
 19690 | Lair:6   | Killed a dire elephant
 20327 | Lair:5   | Received a gift from Okawaru
 20598 | Lair:5   | Received a gift from Okawaru
 20966 | Lair:5   | Found a large runed translucent door.
 20966 | Lair:5   | Found a large runed translucent door.
 20968 | Lair:5   | Noticed Qeimiotua's ghost (journeyman MiFi)
 21699 | Lair:6   | Reached skill level 19 in Slings
 22061 | Lair:6   | Noticed an entropy weaver
 22063 | Lair:6   | Noticed an entropy weaver
 22070 | Lair:6   | Killed an entropy weaver
 22070 | Lair:6   | Received a gift from Okawaru
 22083 | Lair:6   | Killed an entropy weaver
 22107 | Lair:6   | Got a polished quick blade {god gift}
 22130 | Lair:5   | Identified the +6 quick blade of the Ageless People
                  | {freeze, rElec MP+9 Str-3 Dex+8} (Okawaru gifted it to you
                  | on level 6 of the Lair of Beasts)
 22924 | Lair:6   | Reached XP level 15. HP: 109/109 MP: 20/20
 23376 | D:11     | Received a gift from Okawaru
 23725 | D:11     | Identified a +1 pair of boots of running (You found it on
                  | level 11 of the Dungeon)
 24027 | D:11     | Paralysed by a hornet for 1 turns
 24933 | D:12     | Found a roughly hewn altar of Beogh.
 25139 | D:12     | Found a staircase to the Orcish Mines.
 25174 | D:12     | Found a roughly hewn altar of Beogh.
 25799 | D:13     | Found a runed translucent door.
 25800 | D:13     | Found the +8 storm bow {elec, penet}
 25802 | D:13     | Found a runed translucent door.
 25804 | D:13     | Got a jewelled war axe
 25923 | D:13     | Identified the +3 war axe of the Ageless Scars {freeze,
                  | *Noise rF+ Dex+5} (You found it on level 13 of the Dungeon)
 25953 | D:13     | Found a runed translucent door.
 26194 | D:15     | Entered Level 15 of the Dungeon
 26562 | D:15     | Reached skill level 20 in Slings
 26623 | D:15     | Received a gift from Okawaru
 26781 | D:15     | Found a staircase to the Depths.
 27245 | D:15     | Reached skill level 10 in Dodging
 27412 | D:15     | Reached XP level 16. HP: 114/117 MP: 22/22
 27837 | D:14     | Reached skill level 10 in Armour
 27975 | D:14     | Received a gift from Okawaru
 27978 | D:14     | Got an ancient helmet {god gift}
 28287 | D:14     | Found Qiwiom's Book Boutique.
 29011 | D:14     | Identified the +1 helmet "Leugas" {rCorr Dex+7} (Okawaru
                  | gifted it to you on level 14 of the Dungeon)
 29349 | D:14     | Identified the +5 dagger "Byokud" {pain, Str+7 Dex-5
                  | Stlth+}
 30196 | D:14     | Identified the cursed +0 plate armour of Space {*Drain
                  | Dex+2 Stlth+}
 30301 | D:14     | Found a gate to the Vaults.
 30455 | Orc:1    | Entered Level 1 of the Orcish Mines
 30482 | Orc:1    | Found Penefyh's Distillery.
 30490 | Orc:1    | Bought a potion of curing for 36 gold pieces
 30490 | Orc:1    | Bought a potion of curing for 36 gold pieces
 30490 | Orc:1    | Bought 2 potions of curing for 72 gold pieces
 30490 | Orc:1    | Bought a potion of curing for 36 gold pieces
 30490 | Orc:1    | Bought a potion of curing for 36 gold pieces
 30512 | Orc:1    | Found a shimmering blue altar of Sif Muna.
 30860 | Orc:2    | Entered Level 2 of the Orcish Mines
 30949 | Orc:2    | Found a gate leading to a gauntlet.
 30958 | Gauntlet | Entered a Gauntlet
 30958 | Gauntlet | Found a transporter.
 30958 | Gauntlet | Found a runed translucent door.
 30965 | Gauntlet | Found a runed translucent door.
 30967 | Gauntlet | Found a transporter.
 30970 | Gauntlet | Found a transporter.
 30971 | Gauntlet | Found a transporter.
 30979 | Gauntlet | Found a transporter.
 30982 | Gauntlet | Found a transporter.
 30983 | Gauntlet | Found a transporter.
 30991 | Gauntlet | Found a transporter.
 30994 | Gauntlet | Found a transporter.
 30995 | Gauntlet | Found a transporter.
 31006 | Gauntlet | Found a transporter.
 31007 | Gauntlet | Found a transporter.
 31020 | Gauntlet | Found a transporter.
 31039 | Gauntlet | Found a transporter.
 31106 | Gauntlet | Received a gift from Okawaru
 31107 | Gauntlet | Reached skill level 21 in Slings
 31327 | Gauntlet | Identified the Almanac of Supportive Curses
 31609 | Orc:2    | Found a roughly hewn altar of Beogh.
 31817 | Orc:2    | Received a gift from Okawaru
 31822 | Orc:2    | Identified the +0 pair of gloves "Emikh" {*Contam *Slow
                  | MP+9 Int+8} (Okawaru gifted it to you on level 2 of the
                  | Orcish Mines)
 31865 | Orc:2    | Reached XP level 17. HP: 120/125 MP: 24/24
 31903 | Orc:2    | Found Cicewof's Weapon Shop.
 31903 | Orc:2    | Found Micachiy's Magic Scroll Shoppe.
 31907 | Orc:2    | Found Hoycra's Weapon Shop.
 31907 | Orc:2    | Found Oneihuosh's Armour Shoppe.
 31922 | Orc:2    | Bought a scroll of silence for 120 gold pieces
 31922 | Orc:2    | Bought a scroll of identify for 32 gold pieces
 31922 | Orc:2    | Bought a scroll of magic mapping for 56 gold pieces
 31922 | Orc:2    | Bought a scroll of identify for 32 gold pieces
 31934 | Orc:2    | Bought 21 sling bullets for 168 gold pieces
 31934 | Orc:2    | Bought the +10 fustibalus of the Goat {venom, rPois Str-3
                  | SInv Stlth+} for 1278 gold pieces
 32064 | Orc:2    | Found a transporter.
 32070 | Orc:2    | Noticed dickylongcocking's ghost (journeyman FeVM)
 32130 | Orc:2    | Found a roughly hewn altar of Beogh.
 32287 | Orc:2    | Found a transporter.
 32432 | Orc:2    | Found a staircase to the Elven Halls.
 32828 | Elf:1    | Entered Level 1 of the Elven Halls
 33422 | Elf:1    | Reached skill level 10 in Invocations
 33620 | Elf:1    | Received a gift from Okawaru
 33809 | Elf:1    | Received a gift from Okawaru
 33826 | Elf:1    | Got a fading cloak {god gift}
 33837 | Elf:1    | Identified the +2 cloak of Xypuam {rN+ Dex+3} (Okawaru
                  | gifted it to you on level 1 of the Elven Halls)
 34102 | Elf:1    | Identified the Handbook of Black Rites
 34185 | Elf:1    | Noticed Ebiffi's ghost (veteran VSAK)
 34195 | Elf:1    | Found a transporter.
 34209 | Elf:1    | Found a transporter.
 34749 | Elf:2    | Reached skill level 15 in Fighting
 34833 | Elf:2    | Reached skill level 5 in Stealth
 35307 | Elf:2    | Found a runed translucent gate.
 35307 | Elf:2    | Found a runed translucent gate.
 35307 | Elf:2    | Found a runed translucent gate.
 35677 | Elf:2    | Found a huge runed translucent gate.
 35677 | Elf:2    | Found a huge runed translucent gate.
 35677 | Elf:2    | Found a huge runed translucent gate.
 35678 | Elf:2    | Found a huge runed translucent gate.
 35680 | Elf:2    | Found a huge runed translucent gate.
 35721 | Elf:2    | Reached XP level 18. HP: 134/134 MP: 25/25
 35722 | Elf:2    | Noticed Azrael
 35742 | Elf:2    | Killed Azrael
 35931 | Elf:2    | Received a gift from Okawaru
 36257 | Elf:2    | Found Torho's General Store.
 36265 | Elf:2    | Bought a potion of heal wounds for 70 gold pieces
 36303 | Elf:2    | Noticed Dazliare's ghost (adept GnTm)
 36942 | Elf:2    | Received a gift from Okawaru
 37781 | Elf:2    | Received a gift from Okawaru
 37823 | Elf:2    | Killed Dazliare's ghost
 37992 | Elf:2    | Got a twisted helmet
 38002 | Elf:2    | Identified the cursed +0 helmet of the Devil {rF+++ Int-5
                  | Dex-3 SInv} (You found it on level 2 of the Elven Halls)
 38140 | Elf:3    | Entered Level 3 of the Elven Halls
 38420 | Elf:3    | Received a gift from Okawaru
 38548 | Elf:3    | Noticed a deep elf blademaster
 38548 | Elf:3    | Noticed a deep elf blademaster
 38549 | Elf:3    | Noticed a deep elf master archer
 38591 | Elf:3    | Killed a deep elf blademaster
 38610 | Elf:3    | Reached skill level 22 in Slings
 38986 | Elf:3    | Reached skill level 10 in Evocations
 39375 | Elf:3    | Identified the +5 scimitar "Witocog" {venom, Int+6}
 39375 | Elf:3    | Identified the ring of Poecas {rElec Will+ MP-9 EV+4
                  | Stlth+}
 39409 | Elf:3    | Reached XP level 19. HP: 141/141 MP: 27/27
 39463 | Elf:3    | Killed a deep elf blademaster
 39578 | Elf:3    | Identified the +2 leather armour of the Neverending Cities
                  | {*Slow Regen+ Int+5}
 39578 | Elf:3    | Identified the cursed ring "Waran" {Str-4 Int+3 SInv}
 39594 | Elf:3    | Received a gift from Okawaru
 39648 | Elf:3    | Identified the +6 glaive of Ethereal Offence {freeze,
                  | Int+4}
 39648 | Elf:3    | Identified the +1 scale mail of Past Mistakes {Str+2}
 39648 | Elf:3    | Identified the ring "Kaseten" {+Fly rElec Slay+3}
 39712 | Elf:3    | Reached skill level 5 in Shields
 39814 | Elf:3    | Identified the cursed +2 scimitar "X" {freeze, +Rage rC-
                  | Stlth+}
 40398 | Elf:3    | Noticed an Ice Fiend
 40549 | Elf:3    | Found the +2 ratskin cloak {*Rats rPois rN+ Str-1 Int-1
                  | Dex+1}
 40802 | Elf:1    | Got a faintly humming hat
 40852 | Elf:1    | HP: 7/142 [Ebiffi's ghost (30)]
 40872 | Elf:1    | Identified the cursed +0 hat of Hubris {Dex+3} (You found
                  | it on level 1 of the Elven Halls)
 41518 | Shoals:1 | Entered Level 1 of the Shoals
 41547 | Shoals:1 | Reached skill level 1 in Long Blades
 41577 | Shoals:1 | Noticed Roxanne
 41594 | Shoals:1 | Killed Roxanne
 41890 | Shoals:1 | Received a gift from Okawaru
 42580 | Shoals:1 | Found Amamiw's Island Escapes.
 42752 | Shoals:2 | Received a gift from Okawaru
 43155 | Shoals:2 | Found Uniodov's Jewellery Boutique.
 43165 | Shoals:2 | Noticed Polyphemus
 43183 | Shoals:2 | Killed Polyphemus
 43279 | Shoals:2 | Reached XP level 20. HP: 149/149 MP: 28/28
 44087 | Shoals:3 | Found Ritwari's Retail Resort.
 44311 | Shoals:4 | Entered Level 4 of the Shoals
 44350 | Shoals:4 | Received a gift from Okawaru
 45433 | Shoals:4 | Got a barnacled rune of Zot
 46058 | Shoals:4 | Identified the +1 helmet "Ruut" {rElec Int-5 Dex+3} (You
                  | found it on level 4 of the Shoals)
 46243 | Spider:1 | Entered Level 1 of the Spider Nest
 47172 | Spider:2 | Reached skill level 23 in Slings
 47185 | Spider:2 | Received a gift from Okawaru
 48231 | Spider:3 | Reached XP level 21. HP: 157/157 MP: 30/30
 48471 | Spider:3 | Noticed Bai Suzhen
 48493 | Spider:3 | Killed Bai Suzhen
 49774 | Spider:4 | Entered Level 4 of the Spider Nest
 49915 | Spider:4 | Noticed Asterion
 49928 | Spider:4 | Killed Asterion
 50259 | Spider:4 | Received a gift from Okawaru
 51523 | Spider:4 | Reached skill level 10 in Stealth
 52118 | Spider:4 | Got a gossamer rune of Zot
 52414 | Lair:5   | Found a staircase to the Slime Pits.
 52532 | Lair:5   | Killed Qeimiotua's ghost
 52816 | Vaults:1 | Entered Level 1 of the Vaults
 53013 | Vaults:1 | Received a gift from Okawaru
 53039 | Vaults:1 | Reached XP level 22. HP: 74/165 MP: 28/31
 53103 | Vaults:1 | Found a flickering gateway to a bazaar.
 53115 | Bazaar   | Entered a bazaar
 53115 | Bazaar   | Found Kocue's Weapon Shoppe.
 53115 | Bazaar   | Found Inoracog's Assorted Antiques.
 53115 | Bazaar   | Found Yceeta's Assorted Antiques.
 53115 | Bazaar   | Found Essixt's Jewellery Emporium.
 53352 | Bazaar   | Bought 15 sling bullets for 60 gold pieces
 53352 | Bazaar   | Bought 19 stones for 15 gold pieces
 53354 | Bazaar   | Bought a scroll of teleportation for 102 gold pieces
 53354 | Bazaar   | Bought a scroll of teleportation for 102 gold pieces
 53364 | Bazaar   | Bought a scroll of enchant armour for 217 gold pieces
 53364 | Bazaar   | Bought a potion of curing for 87 gold pieces
 53364 | Bazaar   | Bought a scroll of acquirement for 1508 gold pieces
 53364 | Bazaar   | Acquired 702 gold pieces
 53372 | Bazaar   | Bought a scroll of enchant armour for 255 gold pieces
 53795 | Vaults:1 | Received a gift from Okawaru
 54225 | Vaults:1 | Found a transporter.
 54236 | Vaults:1 | Found a transporter.
 55592 | Vaults:2 | Noticed a bone dragon
 55653 | Vaults:2 | Killed a bone dragon
 55918 | Vaults:2 | Received a gift from Okawaru
 56337 | Vaults:2 | Identified the +8 halberd of Uncomfortable Rashes {pain,
                  | rElec rPois rN+ Dex-2}
 56417 | Vaults:2 | Reached XP level 23. HP: 137/172 MP: 32/32
 56771 | Vaults:2 | Found a staircase to the Crypt.
 57377 | Vaults:3 | Reached skill level 24 in Slings
 58391 | Vaults:3 | Received a gift from Okawaru
 58394 | Vaults:3 | Got a masterwork hunting sling {god gift}
 58395 | Vaults:3 | Identified the +12 hunting sling of Bloody Death {venom,
                  | Int+3} (Okawaru gifted it to you on level 3 of the Vaults)
 59045 | Vaults:3 | Found Moguuq's Jewellery Emporium.
 59629 | Vaults:3 | Received a gift from Okawaru
 60269 | Vaults:4 | Received a gift from Okawaru
 60532 | Vaults:4 | Received a gift from Okawaru
 60798 | Vaults:4 | Received a gift from Okawaru
 61642 | Vaults:4 | Reached XP level 24. HP: 181/181 MP: 33/33
 62122 | Vaults:4 | Received a gift from Okawaru
 62129 | Vaults:4 | Got an ancient ring mail {god gift}
 62491 | Vaults:4 | Identified the +4 ring mail of Vuepnys {MP+9} (Okawaru
                  | gifted it to you on level 4 of the Vaults)
 62885 | Elf:1    | Killed Ebiffi's ghost
 63399 | Vaults:1 | Got a blackened ring mail
 63407 | Vaults:1 | Identified the amulet "Faclyqi" {Inacc rElec Int+4} (You
                  | found it on level 1 of the Vaults)
 63445 | Vaults:1 | Identified the +4 ring mail of the Present {rC- MP+9 Str+4}
                  | (You found it on level 1 of the Vaults)
 63813 | Vaults:5 | Entered Level 5 of the Vaults
 64711 | Vaults:5 | HP: 8/182 [war gargoyle/+0 vorpal flail (24)]
 64711 | Vaults:5 | Slain by a war gargoyle

Illustrated notes

Levels and vault maps discovered:
D:1:      dpeg_arrival_radiant, layout_loops_ring
D:2:      layout_basic, old_standard_altar, nemelex_diamond_rough_becter
D:3:      layout_loops_cross
D:4:      layout_gridville
D:5:      layout_basic, serial_aquarium, aquarium_bridge_square
          [aquarium_subvault_wall, aquarium_subvault_bridge,
          aquarium_subvault_balcony, aquarium_subvault_wall], aquarium_window_3,
          aquarium_window_2, aquarium_view_2e, aquarium_view_2e,
          aquarium_pool_2, nemelex_xobeh_ov_fountains_minmay
D:6:      lemuel_castle_with_subvaults [lemuel_castle_interior_carwin_3],
          layout_cave_pools, grunt_temple_overflow_opulence,
          minmay_temple_entry_glassed_door, gup_ossuary_entry_pyramid,
          uniq_duvessa
D:7:      layout_cave_pools, amethyst_overflow_temple_binary
D:8:      layout_cave_pools, kennysheep_little_box, minmay_lair_entry_grove,
          special_room [special_room_kobold], kennysheep_dice, uniq_erica
D:9:      layout_cave_pools, serial_shops, shop_fountains,
          minmay_variable_closet, uniq_maurice, uniq_gastronok
D:10:     layout_rooms, fedhas_bush_and_centaur_altar
D:11:     layout_roguey [special_room_orc], glass_columns_a
D:12:     layout_roguey [special_room_orc], minmay_orc_entry_temple_small,
          minivault_26
D:13:     layout_long_grid, mikee_hates_you
D:14:     layout_rooms, ximxim_vaults_locker_room, serial_shops,
          nicolae_shop_stone, nzn_random_ring
D:15:     gammafunk_depths_entry_grave, layout_basic, minmay_misc_feat_columns
Temple:   nicolae_temple_elliptical
Lair:1:   layout_gridlike, gammafunk_ghost_ooze, beast_lair_carwin_2
Lair:2:   beast_lair_carwin_large_3, layout_regular_city, serial_bayou_lagoon_b,
          uniq_urug, uniq_harold
Lair:3:   layout_cave_pods, elwin_shoals_entry_stream, basic_altar, special_room
          [special_room_bee], lemuel_fruit_tree, grunt_megastairs_4
Lair:4:   layout_regular_city, nicolae_spider_entry_tight_spaces
Lair:5:   layout_loops_ring, minmay_slime_entry_oklob_open,
          ebering_ghost_disaster_area, minmay_stone_trees_small
Lair:6:   hangedman_lair_in_review, layout_cave_pods, lookout_lair_type,
          wad_woods_antlair
Shoals:1: layout_shoals, nicolae_island_escapes, uniq_roxanne
Shoals:2: layout_shoals, serial_shops, shop_fountains, centaur_isle,
          uniq_polyphemus
Shoals:3: layout_shoals, nicolae_alphabet_shops
Shoals:4: shoals_end_simple, layout_shoals
Spider:1: layout_spider_delve, nicolae_spider_webs_and_nodes
Spider:2: layout_spider_delve, nicolae_spider_cling_halls
Spider:3: layout_chambers, uniq_bai_suzhen
Spider:4: grunt_spider_rune_island, drop_trap, uniq_asterion
Orc:1:    layout_caves, serial_shops, nicolae_shop_trees, led_sif_book
Orc:2:    grunt_orc_tribal_feast, layout_caves, gauntlet_entry_generic,
          basic_altar, gammafunk_ghost_arena, mines1_david
Elf:1:    eino_elf_arrival_customs, layout_geoelf_octagon,
          gammafunk_ghost_berserking_beasts, minmay_elf_necromancy,
          minmay_misc_feat_five
Elf:2:    layout_gridlike, gammafunk_ghost_tricky_traps, serial_shops,
          nicolae_shop_competitors_out_of_business, uniq_azrael
Elf:3:    minmay_elf_hall_x, layout_geoelf_castle, st_stairs_13
Vaults:1: nicolae_vaults_little_squares_6, hangedman_vaults_snaps,
          nicolae_vaults_rhombus_5, nicolae_vaults_border_crossing,
          ontoclasm_vaults_claustrophobia, nicolae_vaults_asterisk, v_rooms_2,
          v_rooms_3, v_misc_17, v_misc_8, gammafunk_sealed_arena,
          dpeg_vaults_monster_row, v_misc_12, layout_vaults_omnibox,
          serial_shops, bzr_entry_islet
Vaults:2: hangedman_vaults_restitches, minmay_crypt_entry_nasty_monster,
          nicolae_vaults_mini_display_case, v_pattern_2, hangedman_vaults_nails,
          ontoclasm_vaults_spin, v_rooms_4, layout_vaults_chaotic_city
Vaults:3: v_pattern_5, grunt_vaults_bifocal, ontoclasm_vaults_decontamination,
          vaults_room_corners, vaults_room_door_hall,
          nicolae_vaults_shelves_hall, layout_vaults_omnigrid, serial_shops,
          nicolae_shop_stone
Vaults:4: v_misc_12, v_misc_4, nicolae_vaults_little_squares_5,
          nicolae_vaults_triangles, nicolae_vaults_little_squares_4,
          nicolae_vaults_network_square, ontoclasm_vaults_eye,
          nicolae_vaults_little_squares_3, grunt_vaults_diagonal,
          hangedman_vaults_stretched_pinwheel, nicolae_vaults_three_branches,
          vaults_dpeg_diagonal, nicolae_vaults_back_hallway, st_smaller_cells,
          nicolae_vaults_ring_of_whatevers, layout_vaults_maze_bifur
Vaults:5: serial_shops, uniq_saint_roka

Skill      XL: |  1  2  3  4  5  6  7  8  9 10 11 12 13 14 15 16 17 18 19 20 21 22 23 24 |
---------------+-------------------------------------------------------------------------+-----
Slings         | 6 7 8 9 10 12 13 14 15 16 18 19 20 21 22 23 24 | 24.6
Fighting       | 2 3 4 6 7 8 10 11 12 13 14 15 16 17 18 19 | 19.8
Armour         | 1 2 3 4 6 7 8 9 10 11 12 13 14 | 14.4
Stealth        | 2 3 5 7 8 9 10 11 12 | 12.7
Dodging        | 3 4 5 6 7 8 9 10 11 12 13 14 | 14.6
Short Blades   | 1 2 |  2.9
Invocations    | 1 2 3 4 5 7 8 9 10 11 12 13 14 | 14.2
Evocations     | 1 2 3 4 5 6 7 8 9 10 11 12 | 12.9
Shields        | 1 2 3 4 5 6 7 8 9 |  9.0
Long Blades    | 1 2 |  2.1

Action                   |  1- 3 |  4- 6 |  7- 9 | 10-12 | 13-15 | 16-18 | 19-21 | 22-24 || total
-------------------------+-------+-------+-------+-------+-------+-------+-------+-------++-------
Melee: Short sword       |    36 |       |       |       |       |       |       |       ||    36
       Dagger            |       |    30 |     8 |    22 |       |       |       |       ||    60
       Quick blade       |       |       |       |       |    29 |    51 |       |    14 ||    94
       Fustibalus        |       |       |       |       |       |     3 |       |       ||     3
       Scimitar          |       |       |       |       |       |    16 |    32 |    10 ||    58
 Fire: Hunting sling     |    32 |   101 |   667 |  1018 |   635 |       |       |       ||  2453
       Fustibalus        |       |       |       |       |   835 |  1597 |  1640 |  1437 ||  5509
Invok: Heroism           |       |       |     2 |     9 |    19 |     8 |     8 |     4 ||    50
       Finesse           |       |       |       |       |     4 |     4 |     5 |     3 ||    16
Evoke: Wand              |       |     2 |     5 |     4 |     4 |       |     4 |     1 ||    20
  Use: Scroll            |       |     4 |    14 |     9 |    12 |    11 |    11 |     9 ||    70
       Potion            |       |     3 |     1 |     1 |     2 |    10 |     3 |    11 ||    31
 Stab: Sleeping          |     1 |       |       |       |     1 |       |       |       ||     2
       Paralysed         |       |     3 |       |       |       |       |       |       ||     3
Armor: Leather armour    |     5 |     5 |       |       |       |       |       |       ||    10
       Chain mail        |       |    32 |    94 |    79 |       |       |       |       ||   205
       Skin              |       |     4 |       |       |       |       |       |       ||     4
       Scale mail        |       |       |       |    63 |   135 |   124 |   178 |   132 ||   632
       Ring mail         |       |       |       |       |       |       |       |    60 ||    60
Dodge: Dodged            |    22 |    29 |   156 |   246 |   417 |   361 |   497 |   471 ||  2199
       Repelled          |       |       |       |       |     1 |    12 |     5 |     9 ||    27
Block: Buckler           |       |       |       |     6 |   169 |   211 |   375 |   430 ||  1191
       Reflection        |       |       |       |       |       |     4 |    48 |    35 ||    87
       Rpst.: Scimitar   |       |       |       |       |       |     2 |     2 |       ||     4

Table legend: (Time is in decaauts)
 A = Elapsed time spent in this place.
 B = Non-inter-level travel time spent in this place.
 C = Inter-level travel time spent in this place.
 D = Time resting spent in this place.
 E = Time spent auto-exploring this place.
 F = Levels seen in this place.
 G = Mean time per level.
                   A        B        C        D        E       F      G
               +--------+--------+--------+--------+--------+-----+--------+
         Total |  60467 |  56688 |   3779 |   7864 |  38661 |  42 | 1439.7 |
       Dungeon |  19248 |  17987 |   1261 |   1859 |  12723 |  15 | 1283.2 |
        Temple |     48 |     31 |     17 |      0 |     25 |   1 |   48.0 |
          Lair |  10615 |   9913 |    702 |   1654 |   6856 |   6 | 1769.2 |
        Shoals |   4502 |   4316 |    186 |     65 |   3419 |   4 | 1125.5 |
   Spider Nest |   5611 |   5458 |    153 |    414 |   4365 |   4 | 1402.8 |
  Orcish Mines |   1890 |   1641 |    249 |      0 |   1238 |   2 |  945.0 |
   Elven Halls |   8260 |   7550 |    710 |   1701 |   4364 |   3 | 2753.3 |
        Vaults |   9656 |   9157 |    499 |   2169 |   5141 |   5 | 1931.2 |
        Bazaar |    260 |    260 |      0 |      0 |    236 |   1 |  260.0 |
      Gauntlet |    371 |    371 |      0 |      0 |    290 |   1 |  371.0 |
               +--------+--------+--------+--------+--------+-----+--------+

Top non-repeatable levels by time:
Vaults:4: 3068 daAuts
   Elf:1: 3020 daAuts
   Elf:2: 2883 daAuts
    D:14: 2642 daAuts
Vaults:2: 2566 daAuts
  Lair:6: 2481 daAuts
   Elf:3: 2355 daAuts
Spider:4: 2338 daAuts
Vaults:1: 2185 daAuts
     D:6: 2151 daAuts
  Lair:2: 1950 daAuts
Vaults:3: 1812 daAuts
  Lair:5: 1789 daAuts
     D:8: 1731 daAuts
  Lair:3: 1728 daAuts
